 Dungeon Crawl Stone Soup version 0.27-a0-887-gcab673c142 (webtiles) character file.

Game seed: 17837093000210947975

59721 MirrMurr the Unseen (level 14, -2/83 HPs)
             Began as a Spriggan Enchanter on Apr 4, 2021.
             Was a High Priest of Ashenzari.
             Slain by a +1 mace of flaming (5 damage)
             ... in a volcano.
             The game lasted 01:23:07 (26883 turns).

MirrMurr the Unseen (Spriggan Enchanter)           Turns: 26883, Time: 01:23:07

Health: -2/83      AC:  4    Str:  8    XL:     14   Next: 54%
Magic:  29/29      EV: 29    Int: 17    God:    Ashenzari [*****.]
Gold:   975        SH: 15    Dex: 16    Spells: 14/33 levels left

rFire    . . .     SeeInvis +   a - +6 dagger "Per Aspera Ad Scientiam" {venom, Range, Melee} (curse)
rCold    + . .     Faith    .   A - +2 buckler "Clairvoyant Vision" {rN+, Cun, Fort} (curse)
rNeg     + + .     Spirit   .   v - +0 robe of the Mantic Repose {rN+, Comp, Self} (curse)
rPois    .         Reflect  +   x - +0 hat of Panopticon {Stlth+, Fort, Bglg} (curse)
rElec    .         Harm     .   g - +1 cloak of Desmomancy {Fort, Self} (curse)
rCorr    .         Rampage  .   (gloves unavailable)
Will     ++...     Clarity  +   (boots unavailable)
Stlth    +++++++++.             j - amulet "Astral Morality" {Reflect SH+5, Melee, Evo} (curse)
HPRegen  0.23/turn              r - ring of protection from cold
MPRegen  0.21/turn              K - ring of wizardry

@: very quick
A: very small, no large weapons, unfitting armour, see invisible, speed 3
a: Renounce Religion, Curse Item, Shatter the Chains


You were in a volcano.
You worshipped Ashenzari.
Ashenzari was extremely pleased with you.
You visited 3 branches of the dungeon, and saw 18 of its levels.
You also visited: Volcano.

You collected 1100 gold pieces.
You spent 125 gold pieces at shops.

Inventory:

Hand Weapons
 a - the cursed +6 dagger "Per Aspera Ad Scientiam" (weapon) {venom, Range, Melee}
   (You bought it in a shop on level 6 of the Dungeon)

   It poisons the flesh of those it strikes.
   It has a curse which improves the following skills: Ranged Combat: Slings,
   Bows, Crossbows and Throwing.
   Melee Combat: Short Blades, Long Blades, Axes, Maces & Flails, Polearms,
   Staves and Unarmed Combat.
 C - a +0 long sword of electrocution
Missiles
 c - 651 stones
 h - 57 poisoned darts
 k - a throwing net
 o - 14 boomerangs (quivered)
 M - 4 curare-tipped darts
Armour
 g - the cursed +1 cloak of Desmomancy (worn) {Fort, Self}
   (You found it on level 1 of the Dungeon)

   It has a curse which improves the following skills: Fortitude: Armour and
   Shields.
   Introspection: Fighting and Spellcasting.
 v - the cursed +0 robe of the Mantic Repose (worn) {rN+, Comp, Self}
   (You took it off Dowan on level 4 of the Dungeon)

   It has a curse which improves the following skills: Companions: Summonings
   and Necromancy.
   Introspection: Fighting and Spellcasting.
 x - the cursed +0 hat of Panopticon (worn) {Stlth+, Fort, Bglg}
   (You acquired it on level 7 of the Dungeon)

   It makes you more stealthy.
   It has a curse which improves the following skills: Fortitude: Armour and
   Shields.
   Beguiling: Conjurations, Hexes and Translocations.
 A - the cursed +2 buckler "Clairvoyant Vision" (worn) {rN+, Cun, Fort}
   (You took it off a tengu warrior on level 10 of the Dungeon)

   It has a curse which improves the following skills: Cunning: Dodging and
   Stealth.
   Fortitude: Armour and Shields.
 P - a +2 robe of fire resistance
Jewellery
 j - the cursed amulet "Astral Morality" (around neck) {Reflect SH+5, Melee, Evo}
   (You found it on level 5 of the Dungeon)

   [amulet of reflection]

   It reflects blocked missile attacks.
   It affects your SH (+5).
   It has a curse which improves the following skills: Melee Combat: Short
   Blades, Long Blades, Axes, Maces & Flails, Polearms, Staves and Unarmed
   Combat.
   Evocations: Evocations.
 r - a ring of protection from cold (left hand)
 K - a ring of wizardry (right hand)
Wands
 t - a wand of digging (3)
 B - a wand of mindburst (14)
 F - a wand of acid (2)
 I - a wand of paralysis (7)
 N - a wand of iceblast (10)
Scrolls
 b - a scroll of enchant weapon
 f - 7 scrolls of teleportation
 l - 3 scrolls of fear
 y - a scroll of summoning
 D - 3 scrolls of blinking
 E - a scroll of holy word
 H - a scroll of fog
 J - 4 scrolls of magic mapping
 L - a scroll of enchant armour
 O - a scroll of brand weapon
Potions
 d - 2 potions of invisibility
 e - 3 potions of heal wounds
 i - a potion of haste
 m - 5 potions of curing
 n - 6 potions of might
 p - 4 potions of mutation
 q - a potion of ambrosia
 s - a potion of berserk rage
 u - a potion of magic
 w - 2 potions of flight
 z - 2 potions of cancellation
 G - 3 potions of brilliance


   Skills:
 + Level 9.9(13.7) Fighting
 - Level 7.5(11.5) Short Blades
 - Level 1.8(5.4) Armour
 + Level 15.8(18.0) Dodging
 + Level 19.7(21.6) Stealth
 - Level 4.4(9.3) Shields
 - Level 6.0(10.0) Spellcasting
 - Level 8.5(11.1) Hexes
 - Level 5.3(8.0) Summonings
 - Level 3.1(5.4) Translocations


You had 14 spell levels left.
You knew the following spells:

 Your Spells              Type           Power      Damage    Failure   Level
a - Ensorcelled Hibernat  Hex/Ice        54%        N/A       1%          2
b - Confusing Touch       Hex            46%        N/A       1%          3
c - Tukima's Dance        Hex            46%        N/A       1%          3
d - Dazzling Flash        Conj/Hex       56%        N/A       1%          3
e - Call Imp              Summ           35%        N/A       1%          2
f - Animate Armour        Summ/Erth      44%        N/A       6%          4
B - Blink                 Tloc           N/A        N/A       1%          2

Your spell library contained the following spells:

 Spells                   Type           Power      Damage    Failure   Level
 Corona                   Hex            51%        N/A       1%          1
 Slow                     Hex            46%        N/A       1%          2
 Gell's Gravitas          Tloc           13%        N/A       1%          3
 Animate Skeleton         Necr           18%        N/A       3%          1
 Freeze                   Ice            32%        1d5       3%          1
 Magic Dart               Conj           36%        1d4       3%          1
 Pain                     Necr           36%        1d5       3%          1
 Shock                    Conj/Air       36%        1d5       3%          1
 Leda's Liquefaction      Hex/Erth       13%        N/A       3%          4
 Poisonous Vapours        Pois/Air       16%        N/A       5%          2
 Swiftness                Air            8%         N/A       5%          2
 Summon Ice Beast         Ice/Summ       22%        N/A       6%          4
 Vampiric Draining        Necr           4%         2d6       9%          3
 Conjure Flame            Conj/Fire      9%         6-21      10%         3
 Mephitic Cloud           Conj/Pois/Air  8%         N/A       10%         3
 Static Discharge         Conj/Air       9%         N/A       10%         3
 Metabolic Englaciation   Hex/Ice        13%        N/A       10%         5
 Silence                  Hex/Air        13%        N/A       10%         5
 Yara's Violent Unravell  Hex/Tmut       13%        3d7       10%         5
 Frozen Ramparts          Ice            16%        1d3       11%         3
 Ozocubu's Armour         Ice            8%         N/A       11%         3
 Shadow Creatures         Summ           N/A        N/A       19%         6
 Animate Dead             Necr           4%         N/A       28%         4
 Hailstorm                Conj/Ice       9%         3d4       30%         4
 Airstrike                Air            4%         N/A       32%         4
 Petrify                  Tmut/Erth      8%         N/A       32%         4
 Agony                    Necr           9%         N/A       58%         5
 Borgnjor's Vile Clutch   Necr/Erth      4%         N/A       61%         5
 Lightning Bolt           Conj/Air       4%         1d16      61%         5
 Bolt of Magma            Conj/Fire/Erth 4%         4d5       63%         5
 Freezing Cloud           Conj/Ice/Air   4%         6-21      99%         6
 Iron Shot                Conj/Erth      4%         9d2       99%         6
 Statue Form              Tmut/Erth      5%         N/A       99%         6
 Shatter                  Erth           4%         3d7*      100%        9


Dungeon Overview and Level Annotations

Branches:
Dungeon (11/15)            Temple (1/1) D:6            Lair (6/6) D:10
  Swamp (0/4) Lair:3       Spider (0/4) Lair:3        Slime (0/5) Lair:5
    Orc (0/2) D:11        Volcano (1/1)

Altars:
Ashenzari
Cheibriados
Dithmenos
Elyvilon
Fedhas
Gozag
Hepliaklqana
Kikubaaqudgha
Makhleb
Nemelex Xobeh
Okawaru
Qazlal
Ru
Sif Muna
Trog
Uskayaw
Vehumet
Wu Jian
Xom
Yredelemnul
Zin
The Shining One
Jiyva

Shops:
D:6 (

Annotations:
D:6 1 runed translucent door, supsnack's ghost, novice OgBe
Lair:4 1 runed translucent door, exclusion: 2 oklob plants, Waosu's ghost, journeyman DsVM


Innate Abilities, Weirdness & Mutations

You are very small and have problems with some larger weapons.
You are too small for most types of armour.
You have supernaturally acute eyesight. (SInv)
You cover ground extremely quickly. (Speed+++)


Message History

The +1 mace of flaming completely misses you.
You hit the +1 mace of flaming.
The +1 mace of flaming is heavily damaged.
You hit the +1 mace of flaming.
The +1 mace of flaming is heavily damaged.
The +1 mace of flaming completely misses you.
You barely miss the +1 mace of flaming.
The +1 mace of flaming is heavily damaged.
You block the +1 mace of flaming's attack.
You miss the +1 mace of flaming.
The +1 mace of flaming is moderately damaged.
The +1 mace of flaming closely misses you.
You hit the +1 mace of flaming.
The +1 mace of flaming is heavily damaged.
The +1 mace of flaming barely misses you.
You completely miss the +1 mace of flaming.
The +1 mace of flaming is heavily damaged.
You puncture the +1 mace of flaming!
The +1 mace of flaming is severely damaged.
The +1 mace of flaming hits you!! The +1 mace of flaming burns you!
* * * LOW HITPOINT WARNING * * *
You barely miss the +1 mace of flaming.
The +1 mace of flaming is severely damaged.
You block the +1 mace of flaming's attack.
You hit the +1 mace of flaming.
The +1 mace of flaming is almost destroyed.
The +1 mace of flaming hits you!
* * * LOW HITPOINT WARNING * * *
The +1 mace of flaming burns you.
* * * LOW HITPOINT WARNING * * *
You feel much better. The +1 mace of flaming hits you!
* * * LOW HITPOINT WARNING * * *
The +1 mace of flaming burns you.
* * * LOW HITPOINT WARNING * * *
You miss the +1 mace of flaming.
The +1 mace of flaming is almost destroyed.
The +1 mace of flaming hits you!
* * * LOW HITPOINT WARNING * * *
The +1 mace of flaming burns you.
You die...

≈≈ ≈ ###.'$)[)$$.#.### * * *
#############.### , * ,{
...#.....'....### {{{
§§♣$≈..8...+.∩.##########
....#≈§♣♣≈...p..#...##########
#+################'##..######
....#.#.).#).....#..#..###
∩.∩.'.#'#####'#+###.+....#
....#...........@(..#≈§≈§≈≈*
#####################≈≈§§≈#**
°§≈§§≈§≈§≈≈§≈≈≈≈≈§≈≈§§§§§§≈ *
≈≈§≈≈≈§≈°≈§§≈≈≈≈≈≈≈≈§≈§≈≈≈≈**
≈≈≈≈≈§≈°≈§≈##≈≈###≈≈§§§≈≈≈#*
≈≈≈≈§§°§≈≈###### ###§≈§§≈##
≈≈≈§§§°≈### ##≈§## ##§≈≈§§##
### **


You could see a +1 mace of flaming.

Vanquished Creatures
  Snorg (D:11)
  Josephine (D:10)
  2 boulder beetles
  12 hydras
  11 death yaks
  A tengu warrior (D:10)
  Sonja (Lair:4)
  2 wizards (Volcano)
  5 elephants (Lair:4)
  2 toenail golems (Volcano)
  9 black mambas
  2 rust devils (D:9)
  16 cane toads
  3 rime drakes
  20 komodo dragons
  7 polar bears
  11 blink frogs
  Grinder (D:5)
  2 hornets
  2 dream sheep (Lair:3)
  Sigmund (D:6)
  5 wraiths (D:10)
  8 wyverns
  A spriggan (D:9)
  A shadow (D:9)
  A dancing weapon (D:10)
  44 yaks
  Grum (D:11)
  9 basilisks
  A warg (D:11)
  A steam dragon (D:10)
  8 vampire mosquitoes
  Edmund (D:5)
  Duvessa (D:3)
  16 water moccasins
  4 sky beasts
  A floating eye (Lair:4)
  3 black bears
  8 orc warriors
  A hornet zombie (D:8)
  4 necrophages
  5 wolves
  2 ogres
  3 centaurs
  2 phantoms (D:6)
  A kobold brigand (D:8)
  14 bullfrogs
  2 gnoll sergeants
  3 scorpions
  A water moccasin zombie (D:6)
  Dowan (D:4)
  4 killer bees
  3 howler monkeys (D:8)
  2 bullfrog zombies
  3 centaur zombies
  4 jellies
  2 gnoll shamans
  Crazy Yiuf (D:5)
  9 orc priests
  A bullfrog skeleton (D:6)
  19 orc wizards
  6 hell rats (Lair:1)
  A killer bee zombie (D:6)
  A mummy (D:9)
  3 hound skeletons
  21 gnolls
  4 adders
  A shadow imp (D:7)
  An ufetubus (D:4)
  An adder skeleton (D:4)
  A dart slug (D:3)
  44 orcs
  7 ball pythons
  2 bats (D:1)
  3 endoplasms (D:1)
  A giant cockroach (D:2)
  15 goblins
  6 hobgoblins
  6 jackals (D:1)
  7 quokkas
  3 frilled lizards
  9 kobolds
  4 rats
  A butterfly (Lair:2)
461 creatures vanquished.

Vanquished Creatures (collateral kills)
  5 gnolls
5 creatures vanquished.

Vanquished Creatures (others)
  30 fungi
  64 plants
94 creatures vanquished.

Grand Total: 560 creatures vanquished

Notes
Turn   | Place    | Note
-------+----------+-------------------------------------------
     0 | D:1      | MirrMurr the Spriggan Enchanter began the quest for the
                  | Orb.
     0 | D:1      | Reached XP level 1. HP: 9/9 MP: 5/5
   436 | D:1      | Reached XP level 2. HP: 12/13 MP: 6/6
   454 | D:1      | Reached skill level 5 in Stealth
   459 | D:1      | Learned a level 2 spell: Ensorcelled Hibernation
  1288 | D:1      | Reached XP level 3. HP: 16/16 MP: 8/8
  1292 | D:1      | Learned a level 3 spell: Confusing Touch
  2137 | D:5      | Entered Level 5 of the Dungeon
  2144 | D:5      | Reached skill level 6 in Stealth
  2144 | D:5      | Reached XP level 4. HP: 16/21 MP: 9/9
  2157 | D:5      | Noticed an ogre
  2172 | D:5      | Killed an ogre
  2173 | D:5      | Reached skill level 7 in Stealth
  2173 | D:5      | Reached XP level 5. HP: 20/24 MP: 5/10
  2217 | D:5      | Learned a level 3 spell: Tukima's Dance
  2248 | D:5      | Noticed a necrophage
  2265 | D:5      | Killed a necrophage
  2278 | D:5      | Reached skill level 8 in Stealth
  2333 | D:5      | Found a basalt altar of Yredelemnul.
  2388 | D:5      | Reached skill level 5 in Short Blades
  2388 | D:5      | Reached XP level 6. HP: 27/28 MP: 5/11
  2401 | D:5      | Found a sparkling altar of Nemelex Xobeh.
  2401 | D:5      | Found a glowing silver altar of Zin.
  2677 | D:5      | Found a runed translucent door.
  2678 | D:5      | Noticed Crazy Yiuf
  2726 | D:5      | Noticed Edmund
  2740 | D:5      | Killed Edmund
  2741 | D:5      | Reached skill level 5 in Hexes
  2800 | D:5      | Noticed a sky beast
  2806 | D:5      | Killed a sky beast
  2807 | D:5      | Reached XP level 7. HP: 32/32 MP: 10/14
  2975 | D:5      | Noticed Grinder
  3011 | D:5      | Killed Grinder
  3455 | D:5      | Killed Crazy Yiuf
  3636 | D:6      | Noticed Sigmund
  3650 | D:6      | Killed Sigmund
  3651 | D:6      | Reached skill level 1 in Fighting
  3651 | D:6      | Reached XP level 8. HP: 36/38 MP: 11/15
  3720 | D:6      | Reached skill level 5 in Dodging
  4347 | D:6      | Found Pomul's Antique Weapon Shop.
  4911 | D:6      | Found a staircase to the Ecumenical Temple.
  4920 | Temple   | Entered the Ecumenical Temple
  5364 | Temple   | Became a worshipper of Ashenzari the Shackled
  5709 | D:4      | Reached XP level 9. HP: 36/45 MP: 9/16
  5713 | D:4      | Learned a level 3 spell: Dazzling Flash
  5716 | D:4      | Learned a level 2 spell: Blink
  5930 | D:2      | Found a faded altar of an unknown god.
  7252 | D:4      | Noticed Dowan
  7255 | D:4      | Noticed Duvessa
  7323 | D:4      | Killed Dowan
  7684 | D:3      | Killed Duvessa
  8712 | D:4      | Reached * piety under Ashenzari
  9296 | D:6      | Reached skill level 9 in Stealth
  9739 | D:6      | Found a runed translucent door.
  9740 | D:6      | Noticed supsnack's ghost (novice OgBe)
  9826 | D:6      | Bought a runed dagger for 125 gold pieces
 10286 | D:7      | Reached skill level 1 in Shields
 10932 | D:7      | Reached skill level 10 in Stealth
 11163 | D:7      | Found a bloodstained altar of Trog.
 11184 | D:8      | Identified a scroll of acquirement
 11500 | D:8      | Reached skill level 10 in Dodging
 11500 | D:8      | Reached XP level 10. HP: 49/49 MP: 14/17
 11660 | D:7      | Acquired the +0 hat "Siguext" {Stlth+}
 11715 | D:8      | Reached skill level 11 in Stealth
 12177 | D:8      | Found a shimmering blue altar of Sif Muna.
 12178 | D:8      | Identified Kikubaaqudgha's Volume of Stolen Souls
 12178 | D:8      | Found an ancient bone altar of Kikubaaqudgha.
 12179 | D:8      | Found a radiant altar of Vehumet.
 12240 | D:8      | Found a stormy altar of Qazlal.
 12357 | D:8      | Noticed a rust devil
 12357 | D:8      | Noticed a rust devil
 12385 | D:9      | Killed a rust devil
 12410 | D:9      | Killed a rust devil
 12446 | D:8      | Reached skill level 12 in Stealth
 12494 | D:8      | Identified the +4 plate armour of Fesu {Slay+3}
 13512 | D:9      | Found a snail-covered altar of Cheibriados.
 13627 | D:10     | Entered Level 10 of the Dungeon
 13664 | D:10     | Found a burning altar of Makhleb.
 13682 | D:10     | Reached ** piety under Ashenzari
 13836 | D:10     | Noticed a tengu warrior
 13888 | D:10     | Killed a tengu warrior
 14195 | D:10     | Noticed Josephine
 14199 | D:10     | Killed Josephine
 14200 | D:10     | Reached XP level 11. HP: 53/53 MP: 18/18
 14576 | D:10     | Reached *** piety under Ashenzari
 14585 | D:10     | Found a staircase to the Lair.
 14589 | D:10     | Reached skill level 5 in Spellcasting
 15003 | D:10     | Noticed a boulder beetle
 15009 | D:10     | Killed a boulder beetle
 15386 | D:11     | Reached skill level 13 in Stealth
 15393 | D:11     | Reached skill level 5 in Fighting
 15437 | D:11     | Noticed Grum
 15720 | D:11     | Noticed Snorg
 15725 | D:11     | Killed Snorg
 15783 | D:11     | Noticed a boulder beetle
 15793 | D:11     | Killed a boulder beetle
 15890 | D:11     | Found a staircase to the Orcish Mines.
 16103 | D:11     | Killed Grum
 16573 | Lair:1   | Entered Level 1 of the Lair of Beasts
 16642 | Lair:1   | Reached **** piety under Ashenzari
 16690 | Lair:1   | Reached skill level 14 in Stealth
 16699 | Lair:1   | Reached XP level 12. HP: 61/65 MP: 7/25
 17143 | Lair:1   | Noticed a six-headed hydra
 17150 | Lair:1   | Killed a six-headed hydra
 18011 | Lair:1   | Reached skill level 15 in Stealth
 18359 | Lair:1   | Reached skill level 1 in Translocations
 18468 | Lair:1   | Noticed a four-headed hydra
 18475 | Lair:1   | Killed a four-headed hydra
 18476 | Lair:1   | Reached skill level 1 in Armour
 18838 | Lair:2   | Reached skill level 16 in Stealth
 19424 | Lair:2   | Reached skill level 17 in Stealth
 19742 | Lair:3   | Learned a level 2 spell: Call Imp
 20018 | Lair:3   | Noticed a five-headed hydra
 20027 | Lair:3   | Noticed an eight-headed hydra
 20030 | Lair:3   | Killed a five-headed hydra
 20058 | Lair:3   | Reached XP level 13. HP: 51/72 MP: 14/26
 20108 | Lair:3   | Reached skill level 1 in Summonings
 20476 | Lair:3   | Reached ***** piety under Ashenzari
 21121 | Lair:3   | Identified the +4 battleaxe of Kumarira {flame, rElec
                  | Stlth+}
 21745 | Lair:3   | Reached skill level 18 in Stealth
 22829 | Lair:4   | Noticed Sonja
 22835 | Lair:4   | Killed Sonja
 23607 | Lair:4   | Found a runed translucent door.
 23607 | Lair:4   | Noticed Waosu's ghost (journeyman DsVM)
 23645 | Lair:4   | Paralysed by a floating eye for 3 turns
 23651 | Lair:4   | Reached XP level 14. HP: 82/82 MP: 25/29
 24058 | Lair:4   | Identified the +8 trident "Spriggan's Peril" {freeze, +Rage
                  | rElec}
 24284 | Lair:3   | Reached skill level 15 in Dodging
 24387 | Lair:3   | Found a staircase to the Swamp.
 24694 | Lair:3   | Found a hole to the Spider Nest.
 25093 | Lair:5   | Reached skill level 19 in Stealth
 25111 | Lair:5   | Reached skill level 5 in Summonings
 25221 | Lair:5   | Found a staircase to the Slime Pits.
 25221 | Lair:5   | Found a viscous altar of Jiyva.
 25786 | Lair:6   | Entered Level 6 of the Lair of Beasts
 25963 | Lair:6   | Paralysed by a hornet for 1 turns
 26562 | Lair:5   | Learned a level 4 spell: Animate Armour
 26653 | Lair:6   | Found a dark tunnel.
 26660 | Volcano  | Entered a volcano
 26883 | Volcano  | HP: 3/83 [+1 mace of flaming (11)]
 26883 | Volcano  | Slain by a +1 mace of flaming

Illustrated notes

Levels and vault maps discovered:
D:1:      beargit_arrival_greenhouse, layout_basic
D:2:      layout_basic, basic_ecumenical_altar
D:3:      layout_basic
D:4:      layout_loops_corners, uniq_duvessa
D:5:      layout_rooms, gammafunk_temple_overflow_elements, lemuel_doored_altar,
          uniq_edmund, uniq_crazy_yiuf_cottage, uniq_grinder
D:6:      layout_basic, minmay_temple_entry_statues_fountains, serial_shops,
          shop, ebering_ghost_reflecting_pool, uniq_sigmund
D:7:      layout_gridville, kennysheep_mini
D:8:      cheibrodos_iron_armory, layout_loops_ring,
          grunt_temple_overflow_magic_moments, grunt_qazlal_clouds
D:9:      layout_loops_corners, slow_altar_2, the_bakery
D:10:     layout_grid_maze, amcnicky_altar_gilded,
          grunt_lair_entry_orc_guard_hut, uniq_josephine
D:11:     layout_stronghold, erik_orc_4, uniq_snorg, uniq_grum
Temple:   minmay_temple_forest_path
Lair:1:   layout_gridlike, minmay_holes
Lair:2:   layout_regular_city, grunt_megastairs_1, lemuel_fruit_fields
Lair:3:   nzn_winding_woodlands_huge [nzn_winding_woodlands_5x15_sidewinder,
          nzn_winding_woodlands_5x15_lazy_stream,
          nzn_winding_woodlands_5x15_longhouse,
          nzn_winding_woodlands_5x15_sawtooth, nzn_winding_woodlands_5x15_pool,
          nzn_winding_woodlands_5x15_parted, nzn_winding_woodlands_5x15_garden,
          nzn_winding_woodlands_5x15_concentric,
          nzn_winding_woodlands_5x15_pathside_ponds,
          nzn_winding_woodlands_5x15_river_crossing,
          nzn_winding_woodlands_center_triple_pond,
          nzn_winding_woodlands_center_diamonds,
          nzn_winding_woodlands_15x15_thick_spiral], layout_hall_layers,
          minmay_swamp_entry_swarm, dummy_spider_entry, serial_forest,
          infiniplex_forest_end_2, infiniplex_forest_clump_double,
          infiniplex_forest_straight_1, infiniplex_forest_lined_1,
          infiniplex_forest_clump_tiny, infiniplex_forest_zigzag_2,
          infiniplex_forest_split, infiniplex_forest_lined_corner,
          lemuel_fruit_tree
Lair:4:   layout_cave_pods, ebering_ghost_funeral_grove, disabler_island,
          grunt_megastairs_4, uniq_sonja
Lair:5:   layout_cave_pods, slime_altar_1, eino_small_chamber_without_monster,
          grunt_megastairs_3
Lair:6:   gammafunk_lair_ancient_temple, layout_loops_ring,
          nicolae_volcano_entry_s_turn
Volcano:  volcano_bunker

Skill      XL: |  1  2  3  4  5  6  7  8  9 10 11 12 13 14 |
---------------+-------------------------------------------+-----
Stealth        | 5 6 7 8 10 12 14 17 18 19 | 19.7
Short Blades   | 2 3 4 5 7 |  7.5
Hexes          | 5 8 |  8.5
Spellcasting   | 4 6 |  6.0
Dodging        | 4 7 10 12 13 14 15 | 15.8
Fighting       | 1 4 6 7 9 |  9.9
Shields        | 1 3 4 |  4.4
Translocations | 3 |  3.1
Armour         | 1 |  1.8
Summonings     | 4 5 |  5.3

Action                   |  1- 3 |  4- 6 |  7- 9 | 10-12 | 13-15 || total
-------------------------+-------+-------+-------+-------+-------++-------
Melee: Dagger            |   137 |    39 |   472 |   565 |   422 ||  1635
Throw: Boomerang         |       |       |       |     1 |     5 ||     6
 Cast: Corona            |     4 |       |       |       |       ||     4
       Ensorcelled Hiber |     5 |    12 |    68 |   139 |   177 ||   401
       Confusing Touch   |       |     1 |    12 |    17 |    23 ||    53
       Tukima's Dance    |       |       |     7 |     4 |       ||    11
       Dazzling Flash    |       |       |       |       |    10 ||    10
       Call Imp          |       |       |       |       |     1 ||     1
Invok: Curse Item        |       |       |     3 |     3 |     1 ||     7
       Shatter the Chain |       |       |     1 |       |       ||     1
Evoke: Wand              |       |       |       |       |     4 ||     4
  Use: Scroll            |       |     4 |     7 |     1 |     1 ||    13
       Potion            |       |       |       |       |     3 ||     3
 Stab: Sleeping          |    14 |     6 |    46 |    94 |    84 ||   244
       Confused          |       |     2 |    16 |    21 |    17 ||    56
       Distracted        |       |       |     3 |     1 |       ||     4
       Invisible         |       |       |       |       |    11 ||    11
Armor: Robe              |    12 |     4 |    20 |    15 |     6 ||    57
Dodge: Dodged            |    92 |    23 |   251 |   180 |   179 ||   725
Block: Other             |       |     1 |    60 |       |       ||    61
       Reflection        |       |       |     1 |     4 |     1 ||     6
       Buckler           |       |       |    36 |   230 |   187 ||   453

Table legend: (Time is in decaauts)
 A = Elapsed time spent in this place.
 B = Non-inter-level travel time spent in this place.
 C = Inter-level travel time spent in this place.
 D = Time resting spent in this place.
 E = Time spent auto-exploring this place.
 F = Levels seen in this place.
 G = Mean time per level.
                   A        B        C        D        E       F      G
               +--------+--------+--------+--------+--------+-----+--------+
         Total |  20610 |  19636 |    974 |   4409 |  11136 |  19 | 1084.7 |
       Dungeon |  12724 |  12177 |    547 |   2966 |   6921 |  11 | 1156.7 |
        Temple |    411 |    382 |     29 |     94 |    272 |   1 |  411.0 |
          Lair |   7310 |   6913 |    397 |   1281 |   3942 |   6 | 1218.3 |
       Volcano |    164 |    164 |      0 |     68 |      0 |   1 |  164.0 |
               +--------+--------+--------+--------+--------+-----+--------+

Top non-repeatable levels by time:
  Lair:3: 2374 daAuts
    D:10: 1895 daAuts
     D:5: 1493 daAuts
  Lair:4: 1473 daAuts
     D:1: 1376 daAuts
     D:6: 1335 daAuts
  Lair:1: 1195 daAuts
     D:7: 1151 daAuts
     D:2: 1147 daAuts
  Lair:5: 1077 daAuts
     D:3: 1021 daAuts
     D:4: 997 daAuts
  Lair:2: 937 daAuts
     D:8: 851 daAuts
     D:9: 739 daAuts
